 Dungeon Crawl Stone Soup version 0.27-a0-1147-gb3d8e82157 (webtiles) character file.

Game seed: 3274491105855612784

218 Froggeryz the Ruffian (level 5, 0/45 HPs)
             Began as a Draconian Berserker on May 11, 2021.
             Was a Believer of Trog.
             Killed by an exploding hobgoblin (45 damage)
             ... ignited by their inner flame
             ... on level 3 of the Dungeon.
             The game lasted 00:03:18 (3567 turns).

Froggeryz the Ruffian (Draconian Berserker)         Turns: 3567, Time: 00:03:20

Health: 0/45       AC:  6    Str: 19    XL:     5   Next: 63%
Magic:  5/5        EV: 13    Int:  7    God:    Trog [**....]
Gold:   105        SH:  0    Dex: 18    Spells: 4/4 levels left

rFire    . . .     SeeInvis .     - Unarmed
rCold    . . .     Faith    .   (no shield)
rNeg     . . .     Spirit   .   (armour unavailable)
rPois    .         Reflect  .   (helmet restricted)
rElec    .         Harm     .   (no cloak)
rCorr    .         Rampage  .   (no gloves)
Will     .....                  g - +0 pair of boots
Stlth    ++........             (no amulet)
HPRegen  0.15/turn              e - +6 ring of dexterity
MPRegen  0.09/turn              (no ring)

@: no status effects
A: AC +5, unfitting armour, cold-blooded
a: Renounce Religion, Berserk, Trog's Hand


You were on level 3 of the Dungeon.
You worshipped Trog.
Trog was pleased with you.
You visited 1 branch of the dungeon, and saw 3 of its levels.

You collected 105 gold pieces.

Inventory:

Armour
 g - a +0 pair of boots (worn)
Jewellery
 e - a +6 ring of dexterity (left hand)
Scrolls
 a - a scroll of summoning
Potions
 c - a potion of flight {unknown}
 d - a potion of heal wounds {unknown}
 f - 2 potions of invisibility
 h - a potion of cancellation {unknown}


   Skills:
 - Level 3.2 Fighting
 - Level 2.6 Dodging
 * Level 6.4 Unarmed Combat


You had 4 spell levels left.
You didn't know any spells.
Your spell library was empty.

Dungeon Overview and Level Annotations

Branches:
Dungeon (3/15)

Altars:


Innate Abilities, Weirdness & Mutations

Your plain brown scales are hard. (AC +5)
You cannot fit into any form of body armour.
You are cold-blooded and may be slowed by cold attacks.


Message History

You tail-slap the orc, but do no damage.
The orc is heavily wounded.
The orc hits you but does no damage.
An orc is nearby!
An orc is nearby!
You closely miss the orc. You punch the orc.
The orc is almost dead.
You hit the orc.
You kill the orc!
Trog accepts your kill.
Key pressed, stopping explore.
No target in view!
Things that are here:
a +0 dagger; a +0 ring mail
a - a scroll of summoning You see here a +0 spear.
Found a stone staircase leading up.
b - a scroll labelled WOYHO TIOF No target in view!
h - a smoky red potion You now have 105 gold pieces (gained 14).
There is a stone staircase leading up here.
A hobgoblin comes into view.
The hobgoblin shouts!
You hear a shout!
A hobgoblin is nearby!
As you read the scroll labelled WOYHO TIOF, it crumbles to dust.
The creatures around you are filled with an inner flame!
It was a scroll of immolation.
A rat comes into view.
The hobgoblin hits you but does no damage.
A goblin comes into view. It is wielding a +0 dagger.
You barely miss the hobgoblin. The hobgoblin misses you.
You hit the hobgoblin.
Flame seeps out of the hobgoblin.
The hobgoblin is moderately wounded.
The hobgoblin is engulfed in blazing flames.
Trog accepts your kill.
The hobgoblin explodes!
The fiery explosion engulfs you!!!
Ouch! That really hurt!
You die...

..............
#.#g...........
#..............
.....r....#.# #
#..........# .#
#.§......# ..#
#.§○.....# ###...##
#.§§@....# ........
####.###.######. )#
.........#........ .#
..# #..#..<....###
.####
..####.#.......##
....# #......#...#...#
###.###.#......###...#
..........#.......#.##
..#.....###...###.#.#


You could see a goblin and a rat.

Vanquished Creatures
  A bullfrog zombie (D:3)
  Jessica (D:2)
  4 adders
  5 gnolls
  2 dart slugs
  An orc (D:3)
  2 endoplasms (D:1)
  4 giant cockroaches
  5 goblins
  7 hobgoblins
  7 jackals (D:1)
  7 kobolds
  5 quokkas
  9 ball pythons
  4 bats
  4 frilled lizards
  4 rats
72 creatures vanquished.

Notes
Turn   | Place    | Note
-------+----------+-------------------------------------------
     0 | D:1      | Froggeryz the Draconian Berserker began the quest for the
                  | Orb.
     0 | D:1      | Reached XP level 1. HP: 19/19 MP: 1/1
   577 | D:1      | Reached XP level 2. HP: 18/26 MP: 2/2
   772 | D:1      | Reached skill level 4 in Unarmed Combat
  1319 | D:1      | Reached XP level 3. HP: 31/31 MP: 3/3
  1416 | D:1      | Reached ** piety under Trog
  2083 | D:2      | Found a faded altar of an unknown god.
  2297 | D:2      | Reached skill level 5 in Unarmed Combat
  2297 | D:2      | Reached XP level 4. HP: 38/38 MP: 4/4
  2560 | D:2      | Noticed Jessica
  2569 | D:2      | Killed Jessica
  3074 | D:3      | Reached XP level 5. HP: 45/45 MP: 5/5
  3084 | D:3      | Reached skill level 6 in Unarmed Combat
  3567 | D:3      | Killed by an exploding hobgoblin... ignited by their inner
                  | flame

Illustrated notes

Levels and vault maps discovered:
D:1:      dpeg_arrival_another_circle, layout_basic
D:2:      layout_basic, chequers_ecumenical_altar_island, minmay_tetromino_o2,
          uniq_jessica
D:3:      layout_rooms, gammafunk_ghost_icy, minmay_increasing_density,
          uniq_ijyb

Skill      XL: |  1  2  3  4  5 |
---------------+----------------+-----
Unarmed Combat | 4 5 6 |  6.4
Fighting       | |  3.2
Dodging        | |  2.6

Action                   |  1- 3 |  4- 6 || total
-------------------------+-------+-------++-------
Melee: Unarmed           |   113 |    85 ||   198
       Tailslap          |    16 |    13 ||    29
       Punch             |     1 |     5 ||     6
Invok: Trog's Hand       |     1 |       ||     1
  Use: Scroll            |       |     4 ||     4
 Stab: Sleeping          |     1 |     2 ||     3
Armor: Skin              |    28 |    18 ||    46
Dodge: Dodged            |    67 |    64 ||   131

Table legend: (Time is in decaauts)
 A = Elapsed time spent in this place.
 B = Non-inter-level travel time spent in this place.
 C = Inter-level travel time spent in this place.
 D = Time resting spent in this place.
 E = Time spent auto-exploring this place.
 F = Levels seen in this place.
 G = Mean time per level.
                   A        B        C        D        E       F      G
               +--------+--------+--------+--------+--------+-----+--------+
         Total |   3554 |   3503 |     51 |    785 |   2283 |   3 | 1184.7 |
       Dungeon |   3554 |   3503 |     51 |    785 |   2283 |   3 | 1184.7 |
               +--------+--------+--------+--------+--------+-----+--------+

Top non-repeatable levels by time:
     D:1: 1789 daAuts
     D:2: 1560 daAuts
     D:3: 205 daAuts
